 Dungeon Crawl Stone Soup version 0.30-a0-883-g5ad918d77d (webtiles) character file.

Game seed: 8246278808835765856

111 Firecrotchwizard the Chopper (level 4, 0/41 HPs)
             Began as a Hill Orc Berserker on Mar 16, 2023.
             Was a Believer of Trog.
             Slain by Grinder (6 damage)
             ... on level 3 of the Dungeon.
             The game lasted 00:02:40 (1574 turns).

Firecrotchwizard the Chopper (Hill Orc Berserker)   Turns: 1574, Time: 00:02:41

Health: 0/41       AC: 11    Str: 21    XL:     4   Next: 92%
Magic:  4/4        EV:  6    Int:  7    God:    Trog [**....]
Gold:   126        SH:  0    Dex: 10    Spells: 3/3 levels left

rFire   . . .      SeeInvis .    a - +0 hand axe
rCold   . . .      Faith    .    (no shield)
rNeg    . . .      Spirit   .    o - +0 plate armour
rPois   .          Reflect  .    (no helmet)
rElec   .          Rampage  .    (no cloak)
rCorr   .                        (no gloves)
Will    .....                    (no boots) Stlth
                                 (no amulet)
HPRegen 0.26/turn                (no ring)
MPRegen 0.09/turn                (no ring)

@: on berserk cooldown, slowed, very slow
A: no striking features
a: Renounce Religion, Berserk, Trog's Hand


You were on level 3 of the Dungeon.
You worshipped Trog.
Trog was pleased with you.
You visited 1 branch of the dungeon, and saw 3 of its levels.

You collected 126 gold pieces.

Inventory:

Hand Weapons
 a - a +0 hand axe (weapon)
Missiles
 s - 36 stones (quivered)
 t - 3 javelins
 v - 3 poisoned darts
Armour
 b - a +0 animal skin
 o - a +0 plate armour (worn)
   (You found it on level 2 of the Dungeon)
Jewellery
 C - a ring of protection from cold {rC+, !d}
   (You found it on level 2 of the Dungeon)
Scrolls
 e - a scroll of fog {unknown}
 g - a scroll of magic mapping {unknown}
 i - 2 scrolls of teleportation {unknown}
 j - a scroll of torment {unknown}
 k - 2 scrolls of identify {unknown}
 n - 2 scrolls of vulnerability {unknown}
 q - a scroll of amnesia {unknown}
 r - a scroll of noise {unknown}
 u - a scroll of poison {unknown}
Potions
 c - a potion of haste {unknown}
 d - a potion of mutation {unknown}
 f - 5 potions of curing {unknown}
 h - a potion of invisibility {unknown}
 l - 2 potions of heal wounds {unknown}
 m - a potion of lignification {unknown}
 p - 2 potions of flight {unknown}
 w - a potion of brilliance {unknown}


   Skills:
 + Level 4.5 Fighting
 * Level 5.8 Axes
 + Level 3.2 Armour
 - Level 1.5 Dodging


You had 3 spell levels left.
You didn't know any spells.
Your spell library was empty.

Dungeon Overview and Level Annotations

Branches:
Dungeon (3/15)

Altars:

Annotations:
D:2 1 runed translucent door, Crazy Yiuf
D:3 Grinder


Message History

You closely miss the goblin. The goblin hits you but does no damage.
You slash the goblin!
You kill the goblin!
Trog accepts your kill.
Things that are here:
a +0 club; a goblin corpse You hit the kobold.
The kobold hits you but does no damage.
You hit the kobold but do no damage. The kobold hits you with a +0 dagger.
You take 1 damage, and have 40/41 hp.
You hit the kobold.
You kill the kobold!
Trog accepts your kill.
You see here a +0 dagger.
There is a stone staircase leading up here.
w - a golden potion Health restored: 41 Grinder comes into view.
Grinder shouts!
Your skin crawls.
You feel strong-willed. Grinder gestures at you.
You resist with almost no effort.
You barely miss Grinder. Grinder completely misses you.
You slash Grinder! Grinder hits you.
You take 4 damage, and have 37/41 hp.
You closely miss Grinder. Grinder hits you.
You take 1 damage, and have 36/41 hp.
You barely miss Grinder.
Grinder says, "There's only one good use for a tongue: cutting it out."
Grinder hits you.
You closely miss Grinder. Grinder hits you but does no damage.
You completely miss Grinder. Grinder hits you.
You writhe in agony.
You take 2 damage, and have 35/41 hp.
You hit Grinder. Grinder hits you.
You writhe in agony.
You take 7 damage, and have 28/41 hp.
You barely miss Grinder. Grinder gestures at you.
You resist with almost no effort.
You regained 2 hp, and now have 30/41 hp.
You hit Grinder. Grinder hits you but does no damage.
A worm comes into view.
You hit Grinder but do no damage. Your punch misses Grinder.
You feel the effects of Trog's Hand fading.
Grinder blinks!
You hit the worm.
You regained 2 hp, and now have 35/41 hp.
You hit the worm. The worm bites you.
A red film seems to cover your vision as you go berserk!
You feel yourself moving faster!
You feel mighty! Grinder gestures at you. You resist with almost no effort.
The worm bites you.
You now have 48/61 hp.
You slice the worm!!
You kill the worm!
Trog accepts your kill.
Grinder blinks!
You feel a strong urge to attack something.
Your skin stops crawling.
You feel less strong-willed. Grinder gestures at you.
You resist with significant effort.
You feel your anger nearly subside.
You are no longer berserk.
You are exhausted.
You feel yourself slow down.
You now have 33/41 hp.
Grinder says, "Just stop there for a second..."
You closely miss Grinder. Your punch misses Grinder. Grinder hits you!
Grinder hits you.
You writhe in agony.
You take 10 damage, and have 24/41 hp.
MASSIVE DAMAGE!!
You hit Grinder. Grinder gestures at you.
You barely resist. You hit Grinder. Grinder hits you but does no damage. x2
You hit Grinder. Grinder hits you.
You writhe in agony.
You take 6 damage, and have 19/41 hp.
Unknown command.
You hit Grinder but do no damage.
Grinder blinks!
Grinder says, "I used to sell toenails on the black market."
Grinder gestures at you. Pain shoots through your body!
* * * LOW HITPOINT WARNING * * *
You take 8 damage, and have 12/41 hp.
You hit Grinder. Grinder hits you but does no damage.
You closely miss Grinder. Grinder hits you but does no damage.
Grinder blinks!
Unknown command.
Grinder blinks!
A frilled lizard comes into view.
The frilled lizard hisses angrily.
Grinder gestures at you. Pain shoots through your body!
* * * LOW HITPOINT WARNING * * *
Grinder hits you but does no damage.
You take 9 damage, and have 4/41 hp.
MASSIVE DAMAGE!!
You hit Grinder. Grinder hits you but does no damage.
You hit Grinder. Grinder hits you but does no damage. x2
Unknown command.
You hit Grinder. Grinder hits you but does no damage.
You barely miss Grinder. Grinder hits you.
You die...

#. #. #.# .## #.# ..# #.#
#.# #.# #.# #.#
###############<## #.#
#.5l............<. #
##.#######@### #######.#.
#####.#............# #.#.
.........##...........#
#.#.
#####.##.##.####.#.##.#
#####.#. # #.##.# #.#...
.. ........ #.##.# #.#####
#######... #.##.#
##.#######.........
#.##.###..............#.#.
#.#.#.##..###.###..##.#.##


You could see Grinder and a frilled lizard.

Vanquished Creatures
  Jessica (D:2)
  A gnoll (D:1)
  2 adders (D:2)
  An ufetubus (D:3)
  A worm (D:3)
  3 dart slugs
  2 bats (D:1)
  6 endoplasms
  5 goblins
  4 hobgoblins
  A jackal (D:1)
  6 kobolds
  3 quokkas
  2 ball pythons
  A frilled lizard (D:1)
  3 rats
42 creatures vanquished.

Vanquished Creatures (others)
  3 plants (D:2)
3 creatures vanquished.

Grand Total: 45 creatures vanquished

Notes
Turn   | Place    | Note
-------+----------+-------------------------------------------
     0 | D:1      | Firecrotchwizard the Hill Orc Berserker began the quest for
                  | the Orb.
     0 | D:1      | Reached XP level 1. HP: 19/19 MP: 1/1
   112 | D:1      | Reached XP level 2. HP: 18/27 MP: 2/2
   116 | D:1      | HP: 7/40 [gnoll/+0 flail (5)]
   118 | D:1      | Reached skill level 4 in Fighting
   281 | D:1      | Reached XP level 3. HP: 30/33 MP: 3/3
   467 | D:1      | Reached skill level 5 in Axes
   907 | D:2      | You fall into a shaft and drop 1 floor!
   921 | D:2      | Reached skill level 3 in Armour
   994 | D:2      | Reached ** piety under Trog
  1017 | D:2      | Reached XP level 4. HP: 40/40 MP: 4/4
  1193 | D:2      | Found a runed translucent door.
  1194 | D:2      | Noticed Crazy Yiuf
  1262 | D:2      | Noticed Jessica
  1281 | D:2      | Killed Jessica
  1538 | D:3      | Noticed Grinder
  1570 | D:3      | HP: 4/41 [Grinder/nerve-wracking pain (9)]
  1574 | D:3      | Slain by Grinder

Illustrated notes

Levels and vault maps discovered:
D:1:      ncdulo_smallfort, layout_loops_ring, minmay_close_crescents
D:2:      cheibrodos_old_hovel, layout_rooms, uniq_crazy_yiuf_cottage,
          uniq_jessica
D:3:      layout_loops_ring, minmay_vboxes, uniq_grinder, uniq_terence

Skill      XL: |  1  2  3 |
---------------+----------+-----
Fighting       | 4 |  4.5
Axes           | 5 |  5.8
Armour         | 3 |  3.2
Dodging        | |  1.5

Action                     |  1- 3 |  4- 6 || total
---------------------------+-------+-------++-------
  Melee: Hand axe          |    73 |    63 ||   136
 Invoke: Berserk           |     1 |     1 ||     2
         Trog's Hand       |       |     2 ||     2
 Armour: Animal skin       |     6 |       ||     6
         Plate armour      |    23 |    33 ||    56
  Dodge: Dodged            |    36 |    10 ||    46

Table legend: (Time is in decaauts)
 A = Elapsed time spent in this place.
 B = Non-inter-level travel time spent in this place.
 C = Inter-level travel time spent in this place.
 D = Time resting spent in this place.
 E = Time spent auto-exploring this place.
 F = Levels seen in this place.
 G = Mean time per level.
                   A        B        C        D        E       F      G
               +--------+--------+--------+--------+--------+-----+--------+
         Total |   1596 |   1564 |     32 |     57 |   1184 |   3 |  532.0 |
       Dungeon |   1596 |   1564 |     32 |     57 |   1184 |   3 |  532.0 |
               +--------+--------+--------+--------+--------+-----+--------+

Top non-repeatable levels by time:
     D:1: 791 daAuts
     D:2: 666 daAuts
     D:3: 138 daAuts

Table legend:
 A = Kills in this place as a percentage of kills in the entire game.
 B = Kills by you in this place as a percentage of kills by you in the entire game.
 C = Kills by friends in this place as a percentage of kills by friends in the entire game.
 D = Other kills in this place as a percentage of other kills in the entire game.
 E = Experience gained in this place as a percentage of experience gained in the entire game.
 F = Experience gained in this place divided by the number of levels of this place that you have seen.
                   A       B       C       D       E      F
               +-------+-------+-------+-------+-------+----------------------
         Total | 100.0 | 100.0 |   N/A |   N/A | 100.0 |  53.0
       Dungeon | 100.0 | 100.0 |   N/A |   N/A | 100.0 |  53.0
               +-------+-------+-------+-------+-------+----------------------
